[Event "European Online Club-ch-C 2021"]
[Site "Online"]
[Date "2021.03.27"]
[Round "1.4"]
[White "Deveci, Huseyin Said"]
[Black "Shimanov, Aleksandr"]
[Result "0-1"]
[ECO "B19"]
[WhiteElo "1521"]
[BlackElo "2597"]
[Annotator "ChessBase"]
[PlyCount "122"]
[EventDate "2021.03.27"]
[EventType "team-tourn"]
[EventCountry "NET"]
[SourceTitle "playchess.com"]
[Source "ChessBase"]
[SourceQuality "1"]
[TimeControl "900+5"]

1. e4 c6 2. d4 d5 3. Nd2 dxe4 4. Nxe4 Bf5 5. Ng3 Bg6 6. h4 h6 7. Nf3 Nd7 8. h5 Bh7 9. Bd3 Bxd3 10. Qxd3 e6 11. Bd2 a5 12. O-O-O Bb4 13. c3 Be7 14. Kb1 Ngf6 15. Ne4 Nxe4 16. Qxe4 Nf6 17. Qe2 Qd5 18. c4 Qe4+ 19. Qxe4 Nxe4 20. Be3 Nd6 21. Ne5 Bf6 22. c5 Nf5 23. g4 Ne7 24. Nc4 Nd5 25. Rd3 O-O 26. Ra3 a4 27. Nd6 Rfb8 28. Rc1 Be7 29. Rc4 b5 30. Rc1 Bxd6 31. cxd6 Ra6 32. b3 Kf8 33. Bd2 Ke8 34. bxa4 bxa4+ 35. Ka1 Kd7 36. Rc4 Rab6 37. Rc1 Ra6 38. Rc4 Rba8 39. Bb4 Nxb4 40. Rxb4 Kxd6 41. Rc3 a3 42. Rcc4 Kc7 43. Kb1 Ra5 44. Kc2 f5 45. f3 fxg4 46. fxg4 Rg5 47. Rc3 Rxg4 48. Rcb3 Rg2+ 49. Kd3 Ra7 50. Rb8 Rxa2 51. Rg8 Rg2 52. Rbb8 a2 53. Rgc8+ Kd6 54. Rd8+ Ke7 55. Re8+ Kf6 56. Rf8+ Kg5 57. Rbe8 a1=Q 58. Ke4 Re2+ 59. Kf3 Qf1+ 60. Kg3 Rg2+ 61. Kh3 Qh1# 0-1

[Event "European Online Club-ch-C 2021"]
[Site "Online"]
[Date "2021.03.27"]
[Round "1.6"]
[White "Bruch, Jochen"]
[Black "Heimann, Andreas"]
[Result "0-1"]
[ECO "A07"]
[WhiteElo "2187"]
[BlackElo "2606"]
[Annotator "ChessBase"]
[PlyCount "84"]
[EventDate "2021.03.27"]
[EventType "team-tourn"]
[EventCountry "NET"]
[SourceTitle "playchess.com"]
[Source "ChessBase"]
[SourceQuality "1"]
[TimeControl "900+5"]

1. Nf3 d5 2. g3 g6 3. Bg2 Bg7 4. O-O Nf6 5. d3 O-O 6. Nbd2 Nc6 7. e4 dxe4 8. dxe4 a5 9. c3 Nd7 10. Qc2 Nc5 11. Ne1 b6 12. f4 Ba6 13. Rf3 e6 14. Nb3 Nxb3 15. Qxb3 e5 16. Be3 Qe7 17. Rf2 Rad8 18. Rd1 Bc4 19. Qc2 Rxd1 20. Qxd1 Rd8 21. Qc2 f6 22. b3 Bf7 23. Rd2 Bf8 24. Rxd8 Qxd8 25. Nd3 Bd6 26. Nf2 Qe7 27. Bf1 Bc5 28. Qd2 Bxe3 29. Qxe3 Be6 30. Qc1 Kg7 31. Kg2 Qc5 32. Nd3 Qd6 33. Qb2 Bc8 34. Qc1 Bb7 35. Nf2 Nd8 36. Bc4 f5 37. Bd3 Ne6 38. Kg1 exf4 39. exf5 fxg3 40. fxe6 gxf2+ 41. Kxf2 Qxd3 42. Qf4 Qf5 0-1

[Event "European Online Club-ch-C 2021"]
[Site "Online"]
[Date "2021.03.27"]
[Round "1.7"]
[White "Keymer, Vincent"]
[Black "Kirsch, Laurent"]
[Result "1-0"]
[ECO "A11"]
[WhiteElo "2591"]
[BlackElo "2120"]
[Annotator "ChessBase"]
[PlyCount "77"]
[EventDate "2021.03.27"]
[EventType "team-tourn"]
[EventCountry "NET"]
[SourceTitle "playchess.com"]
[Source "ChessBase"]
[SourceQuality "1"]
[TimeControl "900+5"]

1. Nf3 d5 2. e3 Nf6 3. c4 c6 4. Nc3 e6 5. b3 Bd6 6. Bb2 O-O 7. h3 b6 8. d4 Nbd7 9. Bd3 Bb7 10. O-O e5 11. cxd5 cxd5 12. Nb5 Bb8 13. dxe5 Ne4 14. Rc1 a6 15. Nd6 Nxd6 16. exd6 Bxd6 17. Bb1 Nf6 18. Qd4 Bc5 19. Qf4 Ne4 20. Qg4 f6 21. Nd4 Bc8 22. Nf5 g6 23. Bxe4 dxe4 24. Nh6+ Kg7 25. Qxe4 Ra7 26. Ng4 Bf5 27. Qf3 Bxg4 28. hxg4 h6 29. Rfd1 Qe7 30. Rd5 Ba3 31. Bxa3 Qxa3 32. Rc6 b5 33. Qe2 Qb4 34. Rd4 Qe7 35. Qd3 Rb8 36. Rdd6 a5 37. Rxf6 Qxf6 38. Rxf6 Kxf6 39. Qd4+ 1-0

[Event "European Online Club-ch-C 2021"]
[Site "Online"]
[Date "2021.03.27"]
[Round "1.8"]
[White "Schlueter, Yves"]
[Black "Kollars, Dmitrij"]
[Result "0-1"]
[ECO "A21"]
[WhiteElo "2058"]
[BlackElo "2598"]
[Annotator "ChessBase"]
[PlyCount "72"]
[EventDate "2021.03.27"]
[EventType "team-tourn"]
[EventCountry "NET"]
[SourceTitle "playchess.com"]
[Source "ChessBase"]
[SourceQuality "1"]
[TimeControl "900+5"]

1. c4 e5 2. Nc3 Bb4 3. d3 Bxc3+ 4. bxc3 Ne7 5. g3 O-O 6. Bg2 d6 7. Nf3 c5 8. O-O Nbc6 9. Rb1 b6 10. d4 Bf5 11. Rb2 Qc8 12. d5 Na5 13. Nd2 Bh3 14. e4 Bxg2 15. Kxg2 f5 16. Qe2 Qd7 17. Nb3 Nb7 18. f4 exf4 19. Bxf4 Ng6 20. exf5 Qxf5 21. Be3 Qe4+ 22. Kg1 Rxf1+ 23. Kxf1 Qh1+ 24. Kf2 Rf8+ 25. Bf4 Nxf4 26. gxf4 Qxh2+ 27. Ke1 Qxf4 28. Qe6+ Kh8 29. Re2 Nd8 30. Qe8 Kg8 31. Qe7 Nf7 32. Rf2 Qe5+ 33. Re2 Qxc3+ 34. Nd2 Ne5 35. Qe6+ Kh8 36. Qxd6 Qc1# 0-1

[Event "European Online Club-ch-C 2021"]
[Site "Online"]
[Date "2021.03.27"]
[Round "1.9"]
[White "Nguyen, Thai Dai Van"]
[Black "Braun, Christian"]
[Result "1-0"]
[ECO "C06"]
[WhiteElo "2577"]
[BlackElo "2409"]
[Annotator "ChessBase"]
[PlyCount "49"]
[EventDate "2021.03.27"]
[EventType "team-tourn"]
[EventCountry "NET"]
[SourceTitle "playchess.com"]
[Source "ChessBase"]
[SourceQuality "1"]
[TimeControl "900+5"]

1. e4 e6 2. d4 d5 3. Nd2 Be7 4. Ngf3 Nf6 5. e5 Nfd7 6. Bd3 c5 7. c3 Nc6 8. O-O g5 9. dxc5 g4 10. Nd4 Ndxe5 11. Bb5 Bd7 12. Bxc6 bxc6 13. f4 Nd3 14. b4 Nxc1 15. Rxc1 f5 16. Qe2 Kf7 17. Rce1 Re8 18. N2b3 Bf6 19. a3 a5 20. Nxa5 Rxa5 21. bxa5 Qxa5 22. Qe3 Qxa3 23. Rb1 h5 24. Rb7 Re7 25. Rxd7 1-0

[Event "European Online Club-ch-C 2021"]
[Site "Online"]
[Date "2021.03.27"]
[Round "1.10"]
[White "Zimmermann, Luc"]
[Black "Michalik, Peter"]
[Result "0-1"]
[ECO "B22"]
[WhiteElo "2151"]
[BlackElo "2594"]
[Annotator "ChessBase"]
[PlyCount "90"]
[EventDate "2021.03.27"]
[EventType "team-tourn"]
[EventCountry "NET"]
[SourceTitle "playchess.com"]
[Source "ChessBase"]
[SourceQuality "1"]
[TimeControl "900+5"]

1. e4 c5 2. c3 Nf6 3. e5 Nd5 4. d4 cxd4 5. Nf3 Nc6 6. Bc4 Nb6 7. Bb3 d5 8. exd6 Qxd6 9. O-O Be6 10. Nxd4 Nxd4 11. cxd4 Bxb3 12. axb3 e6 13. Nc3 Be7 14. Qf3 Qd7 15. d5 Nxd5 16. Rd1 O-O 17. Nxd5 exd5 18. Rxd5 Qc6 19. Be3 Bf6 20. Rc1 Qe6 21. g3 Rfc8 22. Rxc8+ Rxc8 23. Rc5 b6 24. Rxc8+ Qxc8 25. Qe2 h6 26. b4 Qd7 27. b3 b5 28. Qa2 Qd1+ 29. Kg2 Bd4 30. Bxd4 Qxd4 31. Qa5 Qd7 32. h4 h5 33. Kg1 g6 34. Qa2 Qd1+ 35. Kh2 Qd4 36. Kg1 Qxb4 37. Qxa7 Qxb3 38. Qb8+ Kh7 39. Qe5 Qc4 40. Kh2 b4 41. Qe7 b3 42. Qb7 Kg7 43. Kg2 Qc3 44. Kh2 b2 45. Qb6 Qf6 0-1

[Event "European Online Club-ch-C 2021"]
[Site "Online"]
[Date "2021.03.27"]
[Round "1.11"]
[White "Plat, Vojtech"]
[Black "De Mon, Gino"]
[Result "1-0"]
[ECO "B22"]
[WhiteElo "2552"]
[BlackElo "2060"]
[Annotator "ChessBase"]
[PlyCount "45"]
[EventDate "2021.03.27"]
[EventType "team-tourn"]
[EventCountry "NET"]
[SourceTitle "playchess.com"]
[Source "ChessBase"]
[SourceQuality "1"]
[TimeControl "900+5"]

1. e4 c5 2. Nf3 Nc6 3. c3 Nf6 4. e5 Nd5 5. Bc4 Nb6 6. Bb3 d5 7. exd6 Qxd6 8. d4 cxd4 9. cxd4 Be6 10. O-O Bxb3 11. Qxb3 e6 12. Nc3 Be7 13. Be3 O-O 14. Rfd1 Rfd8 15. Rac1 Rac8 16. d5 Na5 17. Qb5 Nac4 18. dxe6 Qxe6 19. Bxb6 axb6 20. Rxd8+ Rxd8 21. Re1 Nd6 22. Rxe6 Nxb5 23. Rxe7 1-0

[Event "European Online Club-ch-C 2021"]
[Site "Online"]
[Date "2021.03.27"]
[Round "1.12"]
[White "De Vries, Leon"]
[Black "Krejci, Jan"]
[Result "0-1"]
[ECO "A05"]
[WhiteElo "2021"]
[BlackElo "2540"]
[Annotator "ChessBase"]
[PlyCount "88"]
[EventDate "2021.03.27"]
[EventType "team-tourn"]
[EventCountry "NET"]
[SourceTitle "playchess.com"]
[Source "ChessBase"]
[SourceQuality "1"]
[TimeControl "900+5"]

1. Nf3 Nf6 2. c4 e6 3. g3 a6 4. Bg2 b5 5. b3 Bb7 6. O-O Be7 7. Bb2 O-O 8. d3 d6 9. Qc2 Nbd7 10. Nbd2 c5 11. Rfd1 Rc8 12. Rac1 Qb6 13. e3 Qa7 14. Qb1 h6 15. d4 cxd4 16. Bxd4 Qa8 17. Nh4 bxc4 18. Nxc4 Ne4 19. Ba1 Rfd8 20. Na5 Rxc1 21. Rxc1 Bd5 22. Qc2 Bxh4 23. gxh4 Nec5 24. Bxd5 Qxd5 25. Rd1 Qa8 26. Rxd6 Ne4 27. Rd4 Ndf6 28. Nc6 Rxd4 29. Bxd4 Qb7 30. f3 Nd6 31. Bxf6 gxf6 32. Kf2 Qb5 33. Ne7+ Kf8 34. Qc7 Ne8 35. Qa7 Qe5 36. f4 Qd6 37. Nc8 Qa3 38. Kf3 f5 39. h5 Nf6 40. Nb6 Qd6 41. Nc4 Qd1+ 42. Kf2 Ne4+ 43. Kg2 Qe2+ 44. Kh3 Qg4# 0-1

[Event "European Online Club-ch-C 2021"]
[Site "Online"]
[Date "2021.03.27"]
[Round "1.13"]
[White "Delgado Ramirez, Neuris"]
[Black "Migot, Tangi"]
[Result "1-0"]
[ECO "B42"]
[WhiteElo "2615"]
[BlackElo "2353"]
[Annotator "ChessBase"]
[PlyCount "143"]
[EventDate "2021.03.27"]
[EventType "team-tourn"]
[EventCountry "NET"]
[SourceTitle "playchess.com"]
[Source "ChessBase"]
[SourceQuality "1"]
[TimeControl "900+5"]

1. e4 c5 2. Nf3 e6 3. b3 b6 4. c4 Bb7 5. Nc3 d6 6. d4 cxd4 7. Nxd4 Nf6 8. Bd3 Nbd7 9. Qe2 Be7 10. Bb2 a6 11. O-O O-O 12. Rac1 Re8 13. Rfd1 Rc8 14. Bb1 Qc7 15. Rd3 Bf8 16. Rcd1 Rcd8 17. Rg3 g6 18. Qd2 Bg7 19. Qg5 Qc5 20. Qd2 Qc7 21. Re1 Nh5 22. Rh3 Nhf6 23. Nf3 Qb8 24. Qf4 Ne5 25. Qh4 Qc7 26. Bc1 Neg4 27. Rg3 Rc8 28. Bd2 h5 29. h3 Ne5 30. Nd4 Qc5 31. Na4 Qc7 32. f4 Nc6 33. Bc3 Nxd4 34. Bxd4 e5 35. Bxb6 Qe7 36. f5 Nd7 37. Qxe7 Rxe7 38. fxg6 f6 39. Bf2 Bc6 40. Nb6 Nxb6 41. Bxb6 Bh6 42. Be3 Kg7 43. Bxh6+ Kxh6 44. Rd1 Rd7 45. Rf1 Kg7 46. Rf5 h4 47. Rgf3 Rf8 48. g3 Kxg6 49. gxh4 Rh7 50. h5+ Rxh5 51. Rg3+ Kh6 52. Rxh5+ Kxh5 53. Kf2 f5 54. exf5 e4 55. Ke3 Rxf5 56. Bxe4 Re5 57. Rg4 Bd7 58. Rf4 Bxh3 59. Kd4 Kg5 60. Rf8 a5 61. Rd8 Kf4 62. Bd5 Re2 63. Rxd6 Rxa2 64. Rf6+ Kg5 65. Ra6 Bc8 66. Ra8 Bf5 67. Kc5 Bc2 68. b4 a4 69. b5 a3 70. b6 Ra1 71. b7 Rb1 72. Rxa3 1-0

[Event "European Online Club-ch-C 2021"]
[Site "Online"]
[Date "2021.03.27"]
[Round "1.14"]
[White "Le Goff, Ronan"]
[Black "Gukesh D"]
[Result "0-1"]
[ECO "D02"]
[WhiteElo "2288"]
[BlackElo "2563"]
[Annotator "ChessBase"]
[PlyCount "76"]
[EventDate "2021.03.27"]
[EventType "team-tourn"]
[EventCountry "NET"]
[SourceTitle "playchess.com"]
[Source "ChessBase"]
[SourceQuality "1"]
[TimeControl "900+5"]

1. d4 d5 2. Nf3 Nf6 3. g3 b5 4. Bg2 e6 5. O-O Nbd7 6. a4 b4 7. c4 bxc3 8. Nxc3 a5 9. Ne5 Nxe5 10. dxe5 Nd7 11. e4 d4 12. Nb5 c5 13. Bf4 Be7 14. Qg4 Kf8 15. h4 Ba6 16. Rfc1 h5 17. Qd1 Bxb5 18. axb5 g5 19. hxg5 Bxg5 20. Qd2 Rg8 21. b4 Bxf4 22. Qxf4 axb4 23. Qh6+ Ke8 24. Qh7 Kf8 25. Qh6+ Ke7 26. Qxh5 Rxa1 27. Rxa1 Qb8 28. Qh4+ Ke8 29. Qh7 Rf8 30. Ra6 b3 31. Qh6 b2 32. Bh3 b1=Q+ 33. Kh2 Qxe5 34. Bxe6 fxe6 35. Ra8+ Ke7 36. Qh7+ Rf7 37. Qg8 Qh5+ 38. Kg2 Qbh1# 0-1

[Event "European Online Club-ch-C 2021"]
[Site "Online"]
[Date "2021.03.27"]
[Round "1.15"]
[White "Guerrero Olmos, Sergio"]
[Black "Bouget, Alexandre"]
[Result "1-0"]
[ECO "D90"]
[WhiteElo "2372"]
[BlackElo "2247"]
[Annotator "NA"]
[PlyCount "97"]
[EventDate "2021.03.27"]
[EventType "team-tourn"]
[EventCountry "NET"]
[SourceTitle "playchess.com"]
[Source "ChessBase"]
[SourceQuality "1"]
[TimeControl "900+5"]

1. d4 Nf6 2. Nf3 c5 3. c3 cxd4 4. cxd4 g6 5. Nc3 Bg7 6. Bf4 d5 7. e3 O-O 8. Be2 Nc6 9. O-O Bf5 10. Rc1 Ne4 11. Qb3 a6 12. Qxb7 Na5 13. Qc7 Nxc3 14. Rxc3 Nc4 15. b3 Qxc7 16. Bxc7 Rfc8 17. Bg3 Nd6 18. Rxc8+ Rxc8 19. Bxd6 exd6 20. Bxa6 Ra8 21. Bb7 Rxa2 22. Bxd5 h6 23. Rc1 Rb2 24. h3 Be6 25. Bxe6 fxe6 26. Rc8+ Kf7 27. Rc7+ Kf6 28. Rd7 Bf8 29. e4 e5 30. dxe5+ dxe5 31. Rd5 Rxb3 32. Nxe5 Rb1+ 33. Kh2 h5 34. Nd7+ Ke7 35. Nxf8 Kxf8 36. Rd7 Re1 37. f3 h4 38. Rh7 Kg8 39. Rxh4 Kg7 40. Rg4 Kf6 41. h4 Re2 42. Kg3 Re1 43. Rg5 Re2 44. Rb5 Kg7 45. h5 gxh5 46. Rxh5 Kg6 47. Rb5 Kf6 48. Ra5 Kg6 49. Kh3 1-0

[Event "European Online Club-ch-C 2021"]
[Site "Online"]
[Date "2021.03.27"]
[Round "1.16"]
[White "Lemasle, Raphael"]
[Black "Alvarez Fernandez, Enrique"]
[Result "1-0"]
[ECO "D11"]
[WhiteElo "2067"]
[BlackElo "2349"]
[Annotator "NA"]
[PlyCount "69"]
[EventDate "2021.03.27"]
[EventType "team-tourn"]
[EventCountry "NET"]
[SourceTitle "playchess.com"]
[Source "ChessBase"]
[SourceQuality "1"]
[TimeControl "900+5"]

1. d4 d5 2. Nf3 Nf6 3. c4 c6 4. Nbd2 Bf5 5. Qb3 Qb6 6. c5 Qc7 7. Qa4 Nbd7 8. e3 e6 9. Be2 h6 10. O-O Be7 11. b4 b6 12. Bb2 O-O 13. cxb6 Qxb6 14. Bc3 Bd6 15. Rac1 Rfe8 16. a3 Rac8 17. h3 Bb8 18. Nb3 Ne4 19. Ba6 Rc7 20. Nc5 Nd6 21. Ne5 Nxe5 22. dxe5 Ne4 23. Bd4 Nd2 24. Nb3 Qxa6 25. Qxa6 Nxb3 26. Rxc6 Rxc6 27. Qxc6 Rd8 28. Qc3 Nxd4 29. exd4 Kh7 30. Rc1 f6 31. f4 fxe5 32. fxe5 Rf8 33. Qc8 Kg8 34. Qxf8+ Kxf8 35. Rc8+ 1-0

[Event "European Online Club-ch-C 2021"]
[Site "Online"]
[Date "2021.03.27"]
[Round "1.17"]
[White "Babula, Vlastimil"]
[Black "Markoja, Boris"]
[Result "1/2-1/2"]
[ECO "E11"]
[WhiteElo "2559"]
[BlackElo "2439"]
[Annotator "ChessBase"]
[PlyCount "84"]
[EventDate "2021.03.27"]
[EventType "team-tourn"]
[EventCountry "NET"]
[SourceTitle "playchess.com"]
[Source "ChessBase"]
[SourceQuality "1"]
[TimeControl "900+5"]

1. d4 Nf6 2. c4 e6 3. Nf3 Bb4+ 4. Bd2 Bxd2+ 5. Qxd2 d5 6. g3 O-O 7. Bg2 c6 8. Qc2 Nbd7 9. O-O Qe7 10. Nbd2 e5 11. cxd5 Nxd5 12. e4 N5b6 13. Nb3 exd4 14. Nfxd4 Ne5 15. h3 a5 16. a3 a4 17. Nc5 Nec4 18. Nd3 Rd8 19. Ne2 Ne5 20. Rfd1 Nxd3 21. Rxd3 Be6 22. Nd4 Bc4 23. Rd2 g6 24. Rad1 Re8 25. Qc3 c5 26. Ne2 Bb3 27. Rc1 Nc4 28. Rd5 b6 29. Nf4 Ne5 30. Rd2 Nc6 31. Nd5 Bxd5 32. exd5 Nd4 33. d6 Qxd6 34. Bxa8 Rxa8 35. Re1 Rd8 36. Rd3 Qd5 37. Rde3 Rd6 38. Re4 Rf6 39. f4 h5 40. Kh2 Kh7 41. Qd3 Rd6 42. Qc3 Kh6 1/2-1/2

[Event "European Online Club-ch-C 2021"]
[Site "Online"]
[Date "2021.03.27"]
[Round "1.18"]
[White "Subelj, Jan"]
[Black "Grigorian, Spartak"]
[Result "1-0"]
[ECO "B51"]
[WhiteElo "2418"]
[BlackElo "2458"]
[Annotator "ChessBase"]
[PlyCount "119"]
[EventDate "2021.03.27"]
[EventType "team-tourn"]
[EventCountry "NET"]
[SourceTitle "playchess.com"]
[Source "ChessBase"]
[SourceQuality "1"]
[TimeControl "900+5"]

1. e4 c5 2. Nf3 d6 3. Bb5+ Nd7 4. c3 Ngf6 5. Qe2 a6 6. Ba4 b5 7. Bc2 Bb7 8. d4 e6 9. O-O Be7 10. Re1 Qc7 11. Bd3 O-O 12. Nbd2 Rac8 13. Nf1 cxd4 14. cxd4 e5 15. Ng3 exd4 16. Nxd4 Rfe8 17. Bf4 Bf8 18. Ndf5 Ne5 19. Rad1 Qb6 20. Bb1 d5 21. Be3 Qc7 22. f4 Nc4 23. Bd4 Re6 24. e5 g6 25. Ne3 Nxe3 26. Qxe3 Ne4 27. Nxe4 dxe4 28. Bxe4 Bxe4 29. Qxe4 Qc2 30. Bc3 Qxe4 31. Rxe4 f5 32. Re2 b4 33. Be1 Rec6 34. Kf1 Rc4 35. g3 a5 36. Rd7 R4c7 37. Red2 Be7 38. Rxc7 Rxc7 39. b3 Kf7 40. Ke2 Ke6 41. Bf2 Rc1 42. Bb6 Bc5 43. Bxc5 Rxc5 44. Rd6+ Ke7 45. Kd2 a4 46. Rb6 Rd5+ 47. Ke3 Rc5 48. Rxb4 a3 49. Rc4 Rd5 50. Ra4 Rd1 51. Rxa3 Rh1 52. Ra7+ Ke6 53. Rxh7 Re1+ 54. Kd4 Rd1+ 55. Kc5 Rc1+ 56. Kb5 Kd5 57. b4 Ke4 58. e6 Kf3 59. e7 Re1 60. a4 1-0

[Event "European Online Club-ch-C 2021"]
[Site "Online"]
[Date "2021.03.27"]
[Round "1.19"]
[White "Reuker, Jari"]
[Black "Skuhala, Jernej"]
[Result "0-1"]
[ECO "A19"]
[WhiteElo "2423"]
[BlackElo "2351"]
[Annotator "NA"]
[PlyCount "110"]
[EventDate "2021.03.27"]
[EventType "team-tourn"]
[EventCountry "NET"]
[SourceTitle "playchess.com"]
[Source "ChessBase"]
[SourceQuality "1"]
[TimeControl "900+5"]

1. c4 Nf6 2. Nc3 e6 3. e4 c5 4. e5 Ng8 5. Nf3 d6 6. exd6 Bxd6 7. d4 cxd4 8. Nxd4 Nf6 9. g3 a6 10. Bg2 O-O 11. O-O Qc7 12. Ndb5 axb5 13. Nxb5 Qxc4 14. Nxd6 Qc7 15. Bf4 Nc6 16. Ne4 Qd8 17. Qxd8 Nxd8 18. Nxf6+ gxf6 19. Rfd1 e5 20. Bh6 Re8 21. a3 Ne6 22. Be3 Kg7 23. Rd6 Rd8 24. Rad1 Rxd6 25. Rxd6 Kf8 26. Rb6 Ra6 27. Rb4 Nd8 28. Bc5+ Kg7 29. Kf1 Nc6 30. Rb6 Rxb6 31. Bxb6 f5 32. Ke2 Kf6 33. Ke3 Be6 34. b4 Bc4 35. f4 e4 36. Bc5 Bd3 37. h3 h5 38. a4 Ke6 39. b5 Na5 40. Bb4 Nc4+ 41. Kd4 Nb6 42. a5 Nd5 43. Kc5 Nxb4 44. Kxb4 Kd5 45. Kc3 Bxb5 46. h4 Be2 47. Bh3 Bg4 48. Bf1 e3 49. Bc4+ Ke4 50. Bxf7 Kf3 51. Bd5+ Kf2 52. Bc4 e2 53. Bxe2 Bxe2 54. Kd4 Kxg3 55. Ke5 Kg4 0-1

[Event "European Online Club-ch-C 2021"]
[Site "Online"]
[Date "2021.03.27"]
[Round "1.20"]
[White "Marn, Jan"]
[Black "Schulze, Lara"]
[Result "1/2-1/2"]
[ECO "E15"]
[WhiteElo "2346"]
[BlackElo "2269"]
[Annotator "NA"]
[PlyCount "86"]
[EventDate "2021.03.27"]
[EventType "team-tourn"]
[EventCountry "NET"]
[SourceTitle "playchess.com"]
[Source "ChessBase"]
[SourceQuality "1"]
[TimeControl "900+5"]

1. d4 Nf6 2. c4 e6 3. Nf3 b6 4. g3 Ba6 5. b3 Bb4+ 6. Bd2 Be7 7. Bg2 O-O 8. O-O d5 9. Qc2 c5 10. Nc3 Nc6 11. cxd5 Nxd4 12. Qb2 Nxe2+ 13. Nxe2 Bxe2 14. dxe6 Bxf1 15. exf7+ Kh8 16. Rxf1 Ne4 17. Bf4 Rc8 18. Ne5 Ng5 19. Qe2 Nxf7 20. Nc6 Rxc6 21. Bxc6 Bd6 22. Be3 Qf6 23. Rd1 Bxg3 24. hxg3 Qxc6 25. Qh5 Qf6 26. Bf4 h6 27. Rd7 Ng5 28. Rxa7 Rd8 29. Bxg5 Qxg5 30. Qxg5 hxg5 31. Rb7 Rd6 32. Kg2 g4 33. a3 Kh7 34. b4 cxb4 35. axb4 Kg6 36. Re7 Kf6 37. Re4 Kf5 38. Rf4+ Kg5 39. Kf1 Rf6 40. Rd4 Re6 41. Rf4 Rf6 42. Rd4 Re6 43. Rf4 Rf6 1/2-1/2

[Event "European Online Club-ch-C 2021"]
[Site "Online"]
[Date "2021.03.27"]
[Round "2.1"]
[White "Sahin, Ozgun"]
[Black "Markoja, Boris"]
[Result "0-1"]
[ECO "C18"]
[WhiteElo "2281"]
[BlackElo "2439"]
[Annotator "NA"]
[PlyCount "50"]
[EventDate "2021.03.27"]
[EventType "team-tourn"]
[EventCountry "NET"]
[SourceTitle "playchess.com"]
[Source "ChessBase"]
[SourceQuality "1"]
[TimeControl "900+5"]

1. e4 e6 2. d4 d5 3. Nc3 Bb4 4. e5 c5 5. a3 Bxc3+ 6. bxc3 Ne7 7. Qg4 Qc7 8. Qxg7 Rg8 9. Qxh7 cxd4 10. Ne2 Nbc6 11. cxd4 Nxd4 12. Ra2 Ndf5 13. f4 Bd7 14. g3 O-O-O 15. Qh5 Qc4 16. Rb2 Qe4 17. Rg1 Rh8 18. Qg5 Rxh2 19. Rb4 Qxc2 20. Bg2 Rg8 21. Rb2 Qc5 22. Qf6 Rh6 23. Qxf7 Be8 24. Qxg8 Nxg8 25. g4 Ng3 0-1

[Event "European Online Club-ch-C 2021"]
[Site "Online"]
[Date "2021.03.27"]
[Round "2.2"]
[White "Subelj, Jan"]
[Black "Okuyaz, Duru"]
[Result "1-0"]
[ECO "C10"]
[WhiteElo "2418"]
[BlackElo "2076"]
[Annotator "NA"]
[PlyCount "45"]
[EventDate "2021.03.27"]
[EventType "team-tourn"]
[EventCountry "NET"]
[SourceTitle "playchess.com"]
[Source "ChessBase"]
[SourceQuality "1"]
[TimeControl "900+5"]

1. e4 e6 2. d4 d5 3. Nd2 dxe4 4. Nxe4 Nd7 5. Nf3 Ngf6 6. Nxf6+ Nxf6 7. g3 c5 8. Bg2 cxd4 9. Qxd4 Qxd4 10. Nxd4 a6 11. O-O Bc5 12. Nb3 Ba7 13. Na5 Nd5 14. c4 Bb6 15. Bd2 Bxa5 16. Bxa5 Ne7 17. Rfd1 O-O 18. Bb4 Ng6 19. Bxf8 Kxf8 20. Rd8+ Ke7 21. Rad1 Nf8 22. c5 e5 23. c6 1-0

[Event "European Online Club-ch-C 2021"]
[Site "Online"]
[Date "2021.03.27"]
[Round "2.3"]
[White "Yagiz, Bora"]
[Black "Skuhala, Jernej"]
[Result "0-1"]
[ECO "B16"]
[WhiteElo "1877"]
[BlackElo "2351"]
[Annotator "NA"]
[PlyCount "74"]
[EventDate "2021.03.27"]
[EventType "team-tourn"]
[EventCountry "NET"]
[SourceTitle "playchess.com"]
[Source "ChessBase"]
[SourceQuality "1"]
[TimeControl "900+5"]

1. e4 c6 2. d4 d5 3. Nd2 dxe4 4. Nxe4 Nf6 5. Nxf6+ gxf6 6. Be3 Bf5 7. Nf3 Nd7 8. Nh4 Bg6 9. Nxg6 hxg6 10. Qd2 e6 11. h3 Bd6 12. c4 Qc7 13. O-O-O f5 14. g3 O-O-O 15. Kb1 c5 16. Rc1 e5 17. dxe5 Bxe5 18. Bg2 Nf6 19. Qc2 Rhe8 20. Rcd1 Qb6 21. b3 Qa5 22. Bd5 Re7 23. Qd2 Qb6 24. f4 Bd6 25. Qf2 Rde8 26. Rhe1 Ne4 27. Bxe4 Rxe4 28. Bd2 Bf8 29. Rxe4 fxe4 30. Be3 Qc6 31. Rd5 b6 32. g4 Bg7 33. f5 Qf6 34. Kc1 Qa1+ 35. Kd2 Qxa2+ 36. Ke1 Qxb3 37. f6 Qc3+ 0-1

[Event "European Online Club-ch-C 2021"]
[Site "Online"]
[Date "2021.03.27"]
[Round "2.4"]
[White "Marn, Jan"]
[Black "Deveci, Huseyin Said"]
[Result "1/2-1/2"]
[ECO "A57"]
[WhiteElo "2346"]
[BlackElo "1521"]
[Annotator "NA"]
[PlyCount "121"]
[EventDate "2021.03.27"]
[EventType "team-tourn"]
[EventCountry "NET"]
[SourceTitle "playchess.com"]
[Source "ChessBase"]
[SourceQuality "1"]
[TimeControl "900+5"]

1. d4 Nf6 2. c4 c5 3. d5 b5 4. Qc2 bxc4 5. e4 d6 6. Bxc4 Nbd7 7. Nf3 g6 8. O-O Bg7 9. Nc3 O-O 10. h3 Nb6 11. Be2 Bb7 12. a4 a5 13. Bf4 Rc8 14. Rad1 Re8 15. Bb5 Nfd7 16. Rfe1 Rf8 17. Bh2 Na8 18. Nd2 Ndb6 19. b3 Nc7 20. Nc4 Nxb5 21. axb5 Ra8 22. Na4 Nc8 23. f4 Na7 24. b6 Nb5 25. Kh1 Nd4 26. Qb1 f5 27. Bg1 fxe4 28. Bxd4 Bxd4 29. Qxe4 Bf6 30. Re2 Rf7 31. Kh2 Qd7 32. g3 Bc8 33. Qg2 Ba6 34. Re4 Bb7 35. Re2 Kg7 36. Re3 Bd4 37. Re2 Rf5 38. Rde1 Re8 39. Ne3 Bxe3 40. Rxe3 Bxd5 41. Qe2 e6 42. Qd2 Bc6 43. R3e2 c4 44. g4 Rf7 45. Nc3 cxb3 46. Qd4+ Kg8 47. Ne4 Bxe4 48. Rxe4 a4 49. Qxa4 Qxa4 50. Rxa4 b2 51. Rb4 Rb8 52. Kg3 Rfb7 53. Rxb2 Kf7 54. Reb1 d5 55. Kf3 Ke7 56. Ke3 Kd6 57. Kd4 Rf8 58. Rf1 Rfb8 59. Rfb1 Rf8 60. Rf1 Rfb8 61. Rfb1 1/2-1/2

[Event "European Online Club-ch-C 2021"]
[Site "Online"]
[Date "2021.03.27"]
[Round "2.5"]
[White "Migot, Tangi"]
[Black "Babula, Vlastimil"]
[Result "0-1"]
[ECO "B85"]
[WhiteElo "2353"]
[BlackElo "2559"]
[Annotator "ChessBase"]
[PlyCount "70"]
[EventDate "2021.03.27"]
[EventType "team-tourn"]
[EventCountry "NET"]
[SourceTitle "playchess.com"]
[Source "ChessBase"]
[SourceQuality "1"]
[TimeControl "900+5"]

1. e4 c5 2. Nf3 e6 3. d4 cxd4 4. Nxd4 Nc6 5. Nc3 Qc7 6. Be3 a6 7. Be2 Nf6 8. O-O Be7 9. Kh1 O-O 10. f4 d6 11. Qe1 Nxd4 12. Bxd4 b5 13. a3 Nd7 14. Qg3 Bf6 15. Bxf6 Nxf6 16. Bd3 Bb7 17. Rae1 Rad8 18. e5 dxe5 19. fxe5 Nd7 20. Ne4 Bxe4 21. Rxe4 Nc5 22. Rg4 g6 23. Rh4 Rd5 24. Re1 Rfd8 25. Bf1 Rd1 26. c4 f5 27. cxb5 axb5 28. h3 Ne4 29. Rhxe4 fxe4 30. Kh2 Rxe1 31. Qxe1 Qxe5+ 32. Kh1 e3 33. b4 Rd2 34. Be2 Ra2 35. Bf1 e2 0-1